 Dungeon Crawl Stone Soup version 0.26.1-2-gb8aa6d0cf2 (webtiles) character file.

Game seed: 5568494663269201609

4391 shishis the Cleaver (level 10, -3/88 HPs)
             Began as a Minotaur Fighter on Feb 23, 2021.
             Was an Elder of Makhleb.
             Killed from afar by a gargoyle (17 damage)
             ... with a stone arrow
             ... on level 10 of the Dungeon on Feb 24, 2021.
             The game lasted 00:28:10 (6619 turns).

shishis the Cleaver (Minotaur Fighter)              Turns: 6619, Time: 00:28:11

Health: -3/88      AC:  8    Str: 24    XL:     10   Next: 13%
Magic:  9/9        EV: 10    Int:  5    God:    Makhleb [****..]
Gold:   430        SH: 11    Dex: 10    Spells: 9/9 levels left

rFire    . . .     SeeInvis .   C - +3 mace (freeze)
rCold    + . .     Faith    .   c - +0 kite shield
rNeg     . . .     Spirit   .   b - +0 scale mail
rPois    .         Reflect  .   (helmet restricted)
rElec    .         Harm     .   (no cloak)
rCorr    .         Rampage  .   (no gloves)
Will     .....                  (no boots)
Stlth    ..........             (no amulet)
HPRegen  0.24/turn              n - ring of protection from cold
MPRegen  0.11/turn              (no ring)

@: no status effects
A: retaliatory headbutt, horns 2
a: Renounce Religion, Minor Destruction, Lesser Servant of Makhleb, Major
Destruction


You were on level 10 of the Dungeon.
You worshipped Makhleb.
Makhleb was greatly pleased with you.
You visited 1 branch of the dungeon, and saw 8 of its levels.

You collected 430 gold pieces.

Inventory:

Hand Weapons
 a - a +0 war axe
 h - a +0 scythe
 x - a +1 war axe of electrocution
 C - a +3 mace of freezing (weapon)
 D - a +3 antimagic flail
Armour
 b - a +0 scale mail (worn)
 c - a +0 kite shield (worn)
 p - a +0 helmet
Jewellery
 e - an uncursed ring of see invisible {unknown}
 n - a ring of protection from cold (left hand)
Wands
 f - a wand of flame (20)
 t - a wand of polymorph (5)
Scrolls
 g - 2 scrolls of random uselessness {unknown}
 i - a scroll of enchant armour {unknown}
 j - 5 scrolls of identify
 k - 2 scrolls of immolation {unknown}
 l - a scroll of noise {unknown}
 o - 6 scrolls of teleportation
 r - 2 scrolls of remove curse
 w - a scroll of acquirement {unknown}
 y - a scroll of magic mapping {unknown}
Potions
 d - 4 potions of might
 m - a potion of attraction {unknown}
 q - 2 potions of cancellation {unknown}
 s - a potion of ambrosia {unknown}
 u - 4 potions of curing
 v - 2 potions of heal wounds
 z - a potion of flight
 A - a potion of berserk rage {unknown}
 B - a potion of resistance


   Skills:
 + Level 7.7 Fighting
 + Level 11.0(11.3) Axes
 + Level 4.7(8.5) Maces & Flails
 + Level 8.3 Armour
 + Level 3.1 Dodging
 + Level 0.8 Stealth
 + Level 8.1 Shields


You had 9 spell levels left.
You didn't know any spells.
Your spell library was empty.

Dungeon Overview and Level Annotations

Branches:
Dungeon (7/15)             Temple (0/1) D:6

Altars:
Fedhas
Makhleb
Nemelex Xobeh
Ru
Sif Muna
Trog
Uskayaw
Wu Jian

Shops:
D:6 (


Innate Abilities, Weirdness & Mutations

You reflexively headbutt those who attack you in melee.
You have a pair of horns on your head.


Message History

A gargoyle is nearby!
A gargoyle is nearby!
A gargoyle is nearby!
A gargoyle is nearby!
A gargoyle is nearby!
A gargoyle is nearby!
The gargoyle hurls a stone arrow at you.
You block the stone arrow.
The gargoyle hurls a stone arrow at you.
The stone arrow hits you!!
You hit the gargoyle but do no damage. The gargoyle hits you with a +0 mace!
You hit the gargoyle. You freeze the gargoyle.
The gargoyle is lightly damaged.
The gargoyle hits you with a +0 mace!
* * * LOW HITPOINT WARNING * * *
You barely miss the gargoyle.
The gargoyle is lightly damaged.
The gargoyle hurls a stone arrow at you.
The stone arrow hits you!
You die...

#..#####'############ ######
....#...............# #....#
....#...............# #....#
....#...............# #..[.#
#####...............# #....##
....#########'#############......
.........#..........#..........#.
.........+......9...#..........#.
#...#....#......@...#....>....)##
....#....####+####+##.....#......
....#.....# #.....#...(..
....#.....# #.........(#.
....#.....# #..........##
....#.....# #######......
#####)....# #...... ....†)....#
#...... ....############...
#....##


You could see a gargoyle.

Vanquished Creatures
  A two-headed ogre (D:7)
  Grinder (D:3)
  Sigmund (D:3)
  2 eyes of draining (D:7)
  2 ice beasts
  2 orc warriors (D:7)
  5 necrophages (D:6)
  2 sky beasts
  An ogre (D:6)
  5 centaurs
  A bullfrog (D:6)
  A gnoll sergeant (D:10)
  A scorpion (D:3)
  5 wights (D:7)
  4 howler monkeys
  2 centaur zombies
  6 hounds
  6 orc wizards
  A bullfrog zombie (D:6)
  2 bullfrog skeletons
  3 orc priests
  3 iguanas (D:4)
  Ijyb (D:3)
  6 worker ants
  A hound zombie (D:7)
  A hound skeleton (D:10)
  Robin (D:3)
  A worker ant zombie (D:6)
  9 adders
  8 gnolls
  A shadow imp (D:7)
  A white imp (D:6)
  An adder zombie (D:6)
  2 oozes
  3 adder skeletons
  3 worms
  2 dart slugs
  6 leopard geckos
  38 orcs
  A ball python (D:5)
  10 giant cockroaches
  19 goblins
  5 hobgoblins
  7 jackals
  6 quokkas
  11 bats
  7 frilled lizards
  9 kobolds
  A leopard gecko skeleton (D:6)
  A quokka skeleton (D:5)
  11 rats
  4 bushes (D:6)
234 creatures vanquished.

Vanquished Creatures (others)
  An orc wizard (D:5)
  3 bushes (D:6)
  13 plants (D:6)
17 creatures vanquished.

Grand Total: 251 creatures vanquished

Notes
Turn   | Place    | Note
-------+----------+-------------------------------------------
     0 | D:1      | shishis the Minotaur Fighter began the quest for the Orb.
     0 | D:1      | Reached XP level 1. HP: 19/19 MP: 0/0
    19 | D:1      | Reached XP level 2. HP: 15/27 MP: 1/1
   382 | D:1      | Reached skill level 3 in Axes
   382 | D:1      | Reached XP level 3. HP: 33/33 MP: 2/2
   879 | D:2      | Reached XP level 4. HP: 34/40 MP: 3/3
   898 | D:2      | Reached skill level 4 in Axes
  1086 | D:2      | Reached skill level 1 in Dodging
  1108 | D:2      | Found a burning altar of Makhleb.
  1108 | D:2      | Noticed a cacodemon
  1113 | D:2      | Noticed a ynoxinul
  1113 | D:2      | Noticed an orange demon
  1117 | D:2      | Became a worshipper of Makhleb the Destroyer
  1390 | D:3      | Noticed Ijyb
  1391 | D:3      | Reached XP level 5. HP: 41/47 MP: 4/4
  1398 | D:3      | Paralysed by Ijyb for 7 turns
  1414 | D:3      | Killed Ijyb
  1415 | D:3      | Reached skill level 5 in Axes
  1585 | D:3      | Noticed Sigmund
  1585 | D:3      | Noticed a centaur
  1593 | D:3      | Killed a centaur
  1594 | D:3      | Reached XP level 6. HP: 7/53 MP: 5/5
  1625 | D:3      | Killed Sigmund
  1626 | D:3      | Reached skill level 6 in Axes
  1626 | D:3      | Reached skill level 5 in Armour
  1918 | D:3      | Found a sacrificial altar of Ru.
  1932 | D:3      | Reached * piety under Makhleb
  1933 | D:3      | Reached skill level 5 in Fighting
  1933 | D:3      | Reached XP level 7. HP: 61/61 MP: 6/6
  1979 | D:3      | Noticed Grinder
  1991 | D:3      | Killed Grinder
  1992 | D:3      | Reached skill level 5 in Shields
  2336 | D:3      | Found a sparkling altar of Nemelex Xobeh.
  2336 | D:3      | Noticed Robin
  2361 | D:3      | Killed Robin
  2561 | D:4      | Found a shimmering blue altar of Sif Muna.
  2574 | D:4      | Reached skill level 7 in Axes
  2899 | D:4      | Reached XP level 8. HP: 68/68 MP: 7/7
  3219 | D:4      | Reached ** piety under Makhleb
  3220 | D:4      | Reached skill level 8 in Axes
  3609 | D:5      | Entered Level 5 of the Dungeon
  4006 | D:5      | Reached skill level 9 in Axes
  4276 | D:5      | Found a sand-covered staircase.
  4458 | D:6      | Found a hide-covered altar of Uskayaw.
  4458 | D:6      | Noticed a +0 dagger
  4458 | D:6      | Noticed a +0 hand axe
  4543 | D:6      | Reached *** piety under Makhleb
  4771 | D:6      | Reached skill level 10 in Axes
  4771 | D:6      | Reached XP level 9. HP: 69/75 MP: 8/8
  4849 | D:6      | Found Iboahar's Antique Weapon Shoppe.
  4910 | D:6      | Found a staircase to the Ecumenical Temple.
  5077 | D:6      | Found a blossoming altar of Fedhas.
  5466 | D:7      | Reached **** piety under Makhleb
  5692 | D:7      | Found a bloodstained altar of Trog.
  5716 | D:7      | Reached skill level 1 in Maces & Flails
  5955 | D:7      | Noticed a two-headed ogre
  5967 | D:7      | Killed a two-headed ogre
  5968 | D:7      | Reached skill level 11 in Axes
  5968 | D:7      | Reached XP level 10. HP: 45/86 MP: 9/9
  6168 | D:7      | Found an ornate altar of the Wu Jian Council.
  6169 | D:7      | You fall into a shaft and drop 3 floors!
  6169 | D:10     | Entered Level 10 of the Dungeon
  6613 | D:10     | Noticed a gargoyle
  6619 | D:10     | Killed from afar by a gargoyle

Illustrated notes

Levels and vault maps discovered:
D:1:      dpeg_arrival_shrine, layout_rooms
D:2:      layout_rooms, makhleb_altar_promises_db, serial_glass,
          glass_columns_b, glass_columns_b, grunt_decor_junction,
          minmay_heptomino_o4
D:3:      layout_loops_ring, nemelex_xobeh_ov_fountains_minmay,
          kennysheep_pointless_box, nicolae_ru_great_annihilating_truth,
          uniq_ijyb, uniq_sigmund, uniq_grinder, uniq_robin
D:4:      layout_rooms, overflow_temple_1_default, st_stairs_13
D:5:      layout_loops_ring, nicolae_ossuary_entry_ruins
D:6:      layout_basic, dancing_weapons_uskayaw, minmay_temple_entry_crystal_x,
          serial_shops, nicolae_shop_behind_doors, fedhas_altar_decomposition
D:7:      minmay_cornered_nines, layout_rooms, trog_eyes_of_draining,
          old_standard_altar
D:10:     layout_grid_maze, uniq_josephine, uniq_psyche, uniq_joseph

Skill      XL: |  1  2  3  4  5  6  7  8  9 10 |
---------------+-------------------------------+-----
Armour         | 4 5 6 7 8 |  8.3
Shields        | 4 5 6 7 8 |  8.1
Axes           | 3 4 5 6 7 10 11 | 11.0
Fighting       | 4 5 6 7 |  7.7
Dodging        | 1 2 3 |  3.1
Maces & Flails | 4 |  4.7
Stealth        | |  0.8

Action                   |  1- 3 |  4- 6 |  7- 9 | 10-12 || total
-------------------------+-------+-------+-------+-------++-------
Melee: War axe           |    89 |    85 |   285 |       ||   459
       Headbutt          |    12 |    18 |    55 |     6 ||    91
       Mace              |       |       |    58 |    37 ||    95
  Use: Potion            |       |     8 |       |       ||     8
       Scroll            |       |       |     5 |     1 ||     6
 Stab: Invisible         |       |     1 |       |       ||     1
       Paralysed         |       |       |     1 |       ||     1
Armor: Scale mail        |    50 |    37 |    88 |     9 ||   184
       Skin              |       |     7 |       |       ||     7
Dodge: Dodged            |    30 |    27 |    99 |    11 ||   167
Block: Kite shield       |    46 |    45 |   165 |    31 ||   287
